 Dungeon Crawl Stone Soup version 0.31.0-32-g396128a36d (webtiles) character file.

Game seed: 11881450740651030415

119 adizb the Chopper (level 4, -3/39 HPs)
             Began as a Minotaur Fighter on Mar 18, 2024.
             Slain by Grinder (5 damage)
             ... on level 3 of the Dungeon.
             The game lasted 00:10:36 (1911 turns).

adizb the Chopper (Minotaur Fighter)                Turns: 1911, Time: 00:10:38

Health: -3/39      AC: 11    Str: 23    XL:     4   Next: 73%
Magic:  3/3        EV:  8    Int:  5    God:
Gold:   75         SH:  4    Dex:  9    Spells: 3/3 levels left

rFire   . . .        a - +0 war axe
rCold   . . .        c - +0 buckler
rNeg    . . .        j - +2 chain mail {Will+}
rPois   .            (helmet restricted)
rElec   .            (no cloak)
rCorr   .            (no gloves)
SInv    .            (no boots)
Will    +....        (no amulet) Stlth
                     (no ring)
HPRegen 0.26/turn    (no ring)
MPRegen 0.08/turn

%: no passive effects
@: mighty
A: horns 2, retaliatory headbutt
a: no special abilities


You were on level 3 of the Dungeon.
You visited 1 branch of the dungeon, and saw 3 of its levels.

You collected 75 gold pieces.

Inventory:

Hand Weapons
 a - a +0 war axe (weapon)
 h - a +0 flail
Armour
 c - a +0 buckler (worn)
 j - a +2 chain mail of willpower (worn)
Jewellery
 i - a +6 ring of intelligence
Scrolls
 b - a scroll of enchant armour {unknown}
 f - a scroll of immolation {unknown}
 k - a scroll of fog {unknown}
Potions
 d - a potion of might
 e - a potion of curing {unknown}
 g - 2 potions of enlightenment {unknown}


   Skills:
 - Level 3.6 Fighting
 * Level 4.6 Axes
 + Level 4.5 Armour
 + Level 4.5 Shields


You had 3 spell levels left.
You didn't know any spells.
Your spell library contained the following spells:

 Spells                   Type           Power      Damage    Failure   Level
 Lesser Beckoning         Tloc           0%         N/A       99%         2
 Gell's Gravitas          Tloc           0%         N/A       100%        3
 Teleport Other           Tloc           0%         N/A       100%        3


Dungeon Overview and Level Annotations

Branches:
Dungeon (3/15)

Altars:
Gozag

Annotations:
D:3 Grinder


Innate Abilities, Weirdness & Mutations

You have a pair of horns on your head.
You reflexively headbutt those who attack you in melee.


Message History

Grinder is almost dead.
Grinder hits you.
You writhe in agony.
You closely miss Grinder.
Grinder is almost dead.
Grinder gestures at you. You resist with some effort.
You barely miss Grinder.
Grinder is almost dead.
Grinder closely misses you. Grinder gestures at you.
You easily resist.
You hit Grinder but do no damage.
Grinder is almost dead.
Grinder says, "Wait up."
Grinder hits you but does no damage.
You closely miss Grinder.
Grinder is almost dead.
Grinder blinks!
Grinder gestures at you.
You suddenly lose the ability to move!
Grinder hits you but does no damage. Grinder gestures at you.
You resist with some effort.
You can move again.
You barely miss Grinder.
Grinder is severely wounded.
Grinder gestures at you. You resist with some effort.
Grinder sighs, "No one appreciates my work."
Grinder hits you!
* * * LOW HITPOINT WARNING * * *
You writhe in agony.
* * * LOW HITPOINT WARNING * * *
You feel very mighty all of a sudden.
Grinder grins, showing sharp teeth.
Grinder hits you.
* * * LOW HITPOINT WARNING * * *
You writhe in agony.
You die...
Grinder says, "Now the real fun starts!"

...!.......
###.........##
.............#
#............#
#............#
##...........[# ..
#.##?......5.....#
#..##...........@...#
....#.....#.$.[.....##
..>...... #..........#
..# #...###.........^#
..#......##..........#
..#.# #..##..........#
....#
#..##.....$.>...#
..###
#...##........#..
....#
#.#..†#......####.


You could see Grinder.

Vanquished Creatures
  8 gnolls
  A dart slug (D:2)
  An orc (D:3)
  3 bats
  4 endoplasms
  2 giant cockroaches
  2 goblins
  A hobgoblin (D:2)
  2 jackals (D:2)
  A quokka (D:2)
  5 ball pythons
  4 frilled lizards
  4 kobolds
  4 rats
42 creatures vanquished.

Notes
Turn   | Place    | Note
-------+----------+-------------------------------------------
     0 | D:1      | adizb the Minotaur Fighter began the quest for the Orb.
     0 | D:1      | Reached XP level 1. HP: 19/19 MP: 0/0
   282 | D:1      | Reached XP level 2. HP: 26/26 MP: 1/1
   879 | D:2      | Reached XP level 3. HP: 27/31 MP: 2/2
  1334 | D:2      | Found an opulent altar of Gozag.
  1552 | D:2      | Reached XP level 4. HP: 39/39 MP: 3/3
  1859 | D:3      | Noticed Grinder
  1860 | D:3      | Paralysed by Grinder for 4 turns
  1906 | D:3      | Paralysed by Grinder for 4 turns
  1911 | D:3      | Slain by Grinder

Illustrated notes

Levels and vault maps discovered:
D:1:      onia_arrival_mini_maze_b, layout_loops_ring, serial_forest,
          infiniplex_forest_clump_cross, infiniplex_forest_straight_5,
          infiniplex_forest_straight_2, infiniplex_forest_fountain,
          infiniplex_forest_lined_2, infiniplex_forest_end_1,
          infiniplex_forest_zigzag_2, minmay_unequal
D:2:      layout_loops_ring, basic_altar
D:3:      layout_rooms, minitemple, hellmonk_ecumenical_altar_inner_sanctum,
          uniq_grinder

Skill      XL: |  1  2  3 |
---------------+----------+-----
Axes           | 3 4 |  4.6
Armour         | 4 |  4.5
Shields        | 4 |  4.5
Fighting       | |  3.6

Action                     |  1- 3 |  4- 6 || total
---------------------------+-------+-------++-------
  Melee: War axe           |    67 |    47 ||   114
         Headbutt          |     6 |     4 ||    10
    Use: Scroll            |     3 |       ||     3
         Potion            |       |     1 ||     1
 Armour: Scale mail        |    51 |       ||    51
         Chain mail        |       |    38 ||    38
  Dodge: Dodged            |    30 |    21 ||    51
  Block: Buckler           |    13 |     8 ||    21
